 Dungeon Sprint DCSS version 0.29-a0-819-g94b489e0ae (webtiles) character file.

Game seed: 10122282301243753581

6500000 Ayihk420 the Conqueror (level 27, -26/199 HPs)
             Began as a Gargoyle Monk on July 6, 2022.
             Was the Champion of Makhleb.
             Annihilated by a destroyer
             ... wielding a +9 vorpal great sword
              (62 damage)
             ... in the Dungeon (Sprint VIII: "Arena of Blood").
             The game lasted 00:06:12 (65 turns).

Ayihk420 the Conqueror (Gargoyle Monk)                Turns: 65, Time: 00:06:13

Health: -26/199    AC: 25    Str: 17    XL:     27
Magic:  25/51      EV: 35    Int: 13    God:    Makhleb [******]
Gold:   0          SH:  0    Dex: 22    Spells: 74/74 levels left

rFire   . . .      SeeInvis .   i - +∞ Axe of Woe
rCold   . . .      Faith    .   (shield currently unavailable)
rNeg    + . .      Spirit   .   a - +0 robe
rPois   ∞          Reflect  .   (no helmet)
rElec   +          Harm     .   (no cloak)
rCorr   .          Rampage  .   (no gloves)
Will    ++...      NoTele   +   (no boots)
Stlth   ++++++++++              (no amulet)
HPRegen 0.43/turn               k - +30 ring of slaying
MPRegen 0.32/turn               j - +30 ring of slaying

@: marked, flying, slowed, very slow
A: sickness immunity, AC +20, big wings, negative energy resistance 1,
electricity resistance, torment resistance 1, petrification resistance
a: Renounce Religion, Minor Destruction, Lesser Servant of Makhleb, Major
Destruction, Greater Servant of Makhleb


You were in the Dungeon.
You worshipped Makhleb.
Makhleb was exalted by your worship.
You visited 1 branch

Inventory:

Hand Weapons
 i - the +∞ Axe of Woe (weapon)
   (You found it in the Dungeon)
Armour
 a - a +0 robe (worn)
Jewellery
 j - a +30 ring of slaying (right hand)
 k - a +30 ring of slaying (left hand)
Scrolls
 h - a scroll of blinking
Potions
 b - a potion of ambrosia
 c - a potion of curing
 d - a potion of heal wounds
 e - a potion of haste
 f - 2 potions of magic
 g - a potion of berserk rage


   Skills:
 O Level 27 Fighting
 O Level 27 Short Blades
 O Level 27 Long Blades
 O Level 27 Axes
 O Level 27 Maces & Flails
 O Level 27 Polearms
 O Level 27 Staves
 + Level 25.9 Ranged Weapons
 + Level 24.1 Throwing
 O Level 27 Armour
 O Level 27 Dodging
 O Level 27 Stealth
 O Level 27 Shields
 O Level 27 Unarmed Combat
 + Level 24.0 Spellcasting
 O Level 27 Conjurations
 + Level 22.7 Hexes
 + Level 22.6 Summonings
 + Level 21.0 Necromancy
 + Level 22.7 Translocations
 + Level 21.0 Transmutations
 + Level 24.4 Fire Magic
 + Level 24.4 Ice Magic
 + Level 21.0 Air Magic
 O Level 27 Earth Magic
 + Level 24.4 Poison Magic
 + Level 26.3 Invocations
 + Level 22.6 Evocations


You had 74 spell levels left.
You didn't know any spells.
Your spell library was empty.

Dungeon Overview and Level Annotations

Branches:
Dungeon (1/1)

Altars:
Makhleb

Annotations:
D The Captor


Innate Abilities, Weirdness & Mutations

You are immune to sickness and miasma.
Your stone body is resilient. (AC +20)
You are immune to poison.
Your large and strong wings let you fly.
You resist negative energy. (rN+)
You are resistant to electric shocks. (rElec)
You are resistant to unholy torment.
You are immune to petrification.


Message History

The web tears apart.
You are engulfed in blazing flames.
The meat beast is engulfed in blazing flames.
The meat beast gurgles, "Abandon hope, thou tasty junket!"
You hear a shout! x2
A meat berserker comes into view. It is wielding a +9 battleaxe.
You hear a shout! x3
The meat berserker is engulfed in blazing flames.
The meat berserker hits you with a +9 battleaxe!!!
* * * LOW HITPOINT WARNING * * *
The meat berserker rages.
An accursed comes into view.
You hear a shout!
A meat berserker comes into view. It is wielding a +9 battleaxe.
The eight-headed meat hydra calls on the powers of darkness!
The eight-headed meat hydra convulses!
The meat berserker convulses!
The bag of meat convulses!
Your body is wracked with pain!
* * * LOW HITPOINT WARNING * * *
The meat berserker convulses!
The Captor convulses!
The meat berserker convulses!
The bag of meat convulses! x5
The meat berserker convulses! x2; The eight-headed meat hydra convulses!
The meat berserker convulses!
The bag of meat convulses! x2
The meat berserker rages.
The destroyer casts a spell at you.
The destroyer blinks!
A bag of meat comes into view. It is wielding a +9 war axe.
The bag of meat is engulfed in blazing flames.
You hear a shout!
A bag of meat comes into view. It is wielding a +9 war axe. x2
The dread calls on the powers of darkness!
The bag of meat convulses!
The meat berserker convulses! x2
The bag of meat convulses! x2; The eight-headed meat hydra convulses!
The meat berserker convulses!
The bag of meat convulses!
The meat berserker convulses! x2; Your body is wracked with pain!
* * * LOW HITPOINT WARNING * * *
The bag of meat convulses! x2; The meat berserker convulses!
The bag of meat convulses!
The eight-headed meat hydra convulses!
A meat berserker comes into view. It is wielding a +9 battleaxe. x2
The destroyer is engulfed in blazing flames.
The destroyer hits you with a +9 vorpal great sword!!!
You die...

#M..#.. .......
.O...#. V.....M..
.....W. ..........
.o..... o........ #
.o... #.O.....#
...#.§o #..DO...#
#o.O.§M###MO.....###.
.o.oOOV@V)))###......
o...#.§O2)☼)._......
. #..§§○Dz#)))..#.
..W...zo..#°)<._#
..#O@.o.Vo#)○.O.#
..2.#...o..§._......
.......z.o..###M.....
o.....o###O.. ..###.
.... #... ..#


You could see 3 accurseds, 2 meat beasts, 2 eight-headed meat hydras, 3
destroyers, 3 sculptors of flesh, 2 dreads, 10 meat berserkers, The Captor
(fast) and 14 bags of meat.

Vanquished Creatures
  A hell beast (D)
  3 royal mummies (D)
  A wraith (D)
  Harold (D)
  8 vampire knights (D)
  30 ogres (D)
  9 two-headed ogres (D)
  55 orcs (D)
  2 skeletal warriors (D)
110 creatures vanquished.

Notes
Turn   | Place    | Note
-------+----------+-------------------------------------------
     0 | D        | Found the +∞ Axe of Woe
     0 | D        | Ayihk420 the Gargoyle Monk began the quest for the Orb.
     0 | D        | Reached XP level 1. HP: 14/14 MP: 1/1
     2 | D        | Noticed a meat berserker
     2 | D        | Noticed a bag of meat
     3 | D        | Killed a meat berserker
     3 | D        | Noticed a bag of meat
     3 | D        | Noticed a bag of meat
     4 | D        | Reached XP level 2. HP: 39/39 MP: 2/2
     4 | D        | Reached XP level 3. HP: 44/44 MP: 3/3
     4 | D        | Reached XP level 4. HP: 50/50 MP: 4/4
     4 | D        | Reached XP level 5. HP: 55/55 MP: 5/5
     4 | D        | Reached XP level 6. HP: 60/60 MP: 6/6
     4 | D        | Reached XP level 7. HP: 66/66 MP: 7/7
     4 | D        | Reached XP level 8. HP: 72/72 MP: 8/8
     4 | D        | Reached XP level 9. HP: 76/76 MP: 9/9
     4 | D        | Reached XP level 10. HP: 83/83 MP: 10/10
     4 | D        | Reached XP level 11. HP: 88/88 MP: 11/11
     4 | D        | Reached XP level 12. HP: 93/93 MP: 12/12
     5 | D        | Noticed a bag of meat
     6 | D        | Killed a bag of meat
     6 | D        | Noticed a meat berserker
     7 | D        | Reached skill level 15 in Dodging
     7 | D        | Killed a bag of meat
     8 | D        | Reached skill level 5 in Axes
     8 | D        | Reached XP level 13. HP: 46/104 MP: 13/13
     8 | D        | Killed a meat berserker
     9 | D        | Reached skill level 10 in Stealth
     9 | D        | Gained mutation: Your large and strong wings let you fly.
                  | [Gargoyle growth]
     9 | D        | Reached XP level 14. HP: 47/114 MP: 14/14
     9 | D        | Noticed a bag of meat
     9 | D        | Killed a bag of meat
     9 | D        | Killed a bag of meat
     9 | D        | Noticed a bag of meat
    11 | D        | Became a worshipper of Makhleb the Destroyer
    11 | D        | Reached * piety under Makhleb
    11 | D        | Reached ** piety under Makhleb
    13 | D        | Noticed a bag of meat
    13 | D        | Noticed a meat berserker
    14 | D        | Noticed a bag of meat
    15 | D        | Killed a bag of meat
    16 | D        | Reached XP level 15. HP: 53/124 MP: 15/15
    17 | D        | Reached skill level 10 in Axes
    17 | D        | Noticed a meat berserker
    18 | D        | Killed a meat berserker
    18 | D        | Reached *** piety under Makhleb
    19 | D        | Reached skill level 27 in Fighting
    19 | D        | Reached XP level 16. HP: 120/133 MP: 16/16
    19 | D        | Noticed a meat berserker
    21 | D        | Killed a meat berserker
    21 | D        | Noticed a meat berserker
    22 | D        | Killed a meat berserker
    22 | D        | Reached **** piety under Makhleb
    23 | D        | Noticed a meat berserker
    23 | D        | Noticed a meat berserker
    24 | D        | Noticed a large bag of meat
    24 | D        | Noticed a large bag of meat
    25 | D        | Noticed The Servant
    25 | D        | Killed The Servant
    26 | D        | Reached skill level 27 in Dodging
    26 | D        | Reached XP level 17. HP: 139/139 MP: 17/17
    26 | D        | Noticed a meat berserker
    26 | D        | Noticed a meat berserker
    27 | D        | Killed a meat berserker
    27 | D        | Killed a meat berserker
    28 | D        | Reached skill level 27 in Axes
    28 | D        | Reached XP level 18. HP: 64/145 MP: 18/18
    28 | D        | Noticed a meat berserker
    28 | D        | Killed a meat berserker
    28 | D        | Reached ***** piety under Makhleb
    28 | D        | Killed a large bag of meat
    28 | D        | Noticed a meat berserker
    28 | D        | Noticed a meat berserker
    29 | D        | Reached skill level 5 in Armour
    29 | D        | Reached skill level 5 in Shields
    29 | D        | Reached skill level 5 in Conjurations
    29 | D        | Reached skill level 5 in Fire Magic
    29 | D        | Reached skill level 5 in Ice Magic
    29 | D        | Reached skill level 5 in Poison Magic
    29 | D        | Reached skill level 5 in Invocations
    29 | D        | Noticed a meat berserker
    29 | D        | Noticed a meat berserker
    29 | D        | Noticed a destroyer
    30 | D        | Noticed a sculptor of flesh
    30 | D        | Killed a meat berserker
    30 | D        | Killed a large bag of meat
    30 | D        | Noticed a meat berserker
    31 | D        | Reached skill level 5 in Short Blades
    31 | D        | Reached skill level 5 in Long Blades
    31 | D        | Reached XP level 19. HP: 73/151 MP: 18/26
    31 | D        | Noticed a large bag of meat
    31 | D        | Noticed a meat berserker
    31 | D        | Noticed a meat berserker
    31 | D        | Noticed a destroyer
    31 | D        | Noticed a meat berserker
    31 | D        | Noticed a destroyer
    32 | D        | Noticed a large bag of meat
    32 | D        | Killed a meat berserker
    32 | D        | Killed a meat berserker
    32 | D        | Noticed a large bag of meat
    33 | D        | Reached skill level 27 in Armour
    33 | D        | Killed a meat berserker
    33 | D        | Killed a meat berserker
    33 | D        | Reached ****** piety under Makhleb
    33 | D        | Noticed a destroyer
    33 | D        | Noticed a large bag of meat
    34 | D        | Reached XP level 20. HP: 154/157 MP: 18/27
    34 | D        | Noticed a meat berserker
    34 | D        | Noticed a large bag of meat
    34 | D        | Killed a meat berserker
    35 | D        | Reached skill level 15 in Short Blades
    35 | D        | Reached skill level 15 in Long Blades
    35 | D        | Reached skill level 15 in Polearms
    35 | D        | Killed a meat berserker
    35 | D        | Noticed a meat berserker
    36 | D        | Killed a destroyer
    36 | D        | Killed a meat berserker
    37 | D        | Reached XP level 21. HP: 130/163 MP: 19/28
    37 | D        | Noticed a destroyer
    37 | D        | Killed a destroyer
    37 | D        | Killed a meat berserker
    37 | D        | Killed a meat berserker
    38 | D        | Reached XP level 22. HP: 169/169 MP: 19/29
    39 | D        | Noticed a destroyer
    39 | D        | Killed a large bag of meat
    40 | D        | Reached skill level 27 in Short Blades
    40 | D        | Reached skill level 27 in Long Blades
    40 | D        | Reached skill level 27 in Maces & Flails
    40 | D        | Reached skill level 27 in Polearms
    41 | D        | Reached skill level 27 in Unarmed Combat
    41 | D        | Reached XP level 23. HP: 175/175 MP: 19/30
    41 | D        | Noticed a destroyer
    43 | D        | Reached skill level 27 in Shields
    43 | D        | Noticed an accursed
    43 | D        | Killed a large bag of meat
    44 | D        | Reached skill level 27 in Stealth
    44 | D        | Reached XP level 24. HP: 148/181 MP: 20/30
    44 | D        | Killed a destroyer
    44 | D        | Noticed a large bag of meat
    44 | D        | Noticed an accursed
    45 | D        | Reached skill level 27 in Staves
    45 | D        | Reached skill level 5 in Necromancy
    45 | D        | Reached skill level 5 in Transmutations
    45 | D        | Reached skill level 5 in Air Magic
    46 | D        | Reached skill level 10 in Conjurations
    46 | D        | Reached skill level 10 in Earth Magic
    47 | D        | Reached skill level 10 in Invocations
    47 | D        | Noticed an accursed
    48 | D        | Killed a destroyer
    48 | D        | Killed a destroyer
    49 | D        | Reached skill level 10 in Necromancy
    49 | D        | Reached skill level 10 in Transmutations
    49 | D        | Reached skill level 10 in Air Magic
    49 | D        | Reached XP level 25. HP: 142/187 MP: 21/38
    51 | D        | Reached skill level 15 in Invocations
    51 | D        | Killed a large bag of meat
    51 | D        | Noticed an accursed
    51 | D        | Noticed a destroyer
    52 | D        | Reached skill level 15 in Throwing
    52 | D        | Reached skill level 15 in Spellcasting
    52 | D        | Reached skill level 15 in Fire Magic
    52 | D        | Reached skill level 15 in Ice Magic
    52 | D        | Reached skill level 15 in Poison Magic
    52 | D        | Reached XP level 26. HP: 142/193 MP: 21/42
    53 | D        | Killed a large bag of meat
    53 | D        | Noticed a destroyer
    54 | D        | Reached skill level 15 in Hexes
    54 | D        | Reached skill level 15 in Summonings
    54 | D        | Reached skill level 15 in Translocations
    54 | D        | Reached skill level 15 in Evocations
    54 | D        | Noticed an accursed
    54 | D        | Noticed a destroyer
    54 | D        | Noticed a large bag of meat
    55 | D        | Reached skill level 15 in Necromancy
    55 | D        | Reached skill level 15 in Transmutations
    55 | D        | Reached skill level 15 in Air Magic
    55 | D        | Reached XP level 27. HP: 165/199 MP: 22/44
    55 | D        | Killed a destroyer
    56 | D        | Killed a destroyer
    56 | D        | Killed an accursed
    56 | D        | Noticed The Captor
    56 | D        | Noticed a destroyer
    57 | D        | Noticed a meat beast
    57 | D        | Noticed a dread
    57 | D        | Killed a meat beast
    58 | D        | Killed a large bag of meat
    58 | D        | Killed a destroyer
    58 | D        | Killed a large bag of meat
    59 | D        | Killed an accursed
    61 | D        | Killed an accursed
    62 | D        | Reached skill level 27 in Conjurations
    62 | D        | Reached skill level 27 in Earth Magic
    62 | D        | Noticed a dread
    63 | D        | Noticed a dread
    63 | D        | Killed a dread
    63 | D        | Noticed a meat beast
    63 | D        | Noticed a tyrant
    64 | D        | Killed a large bag of meat
    64 | D        | Noticed an accursed
    64 | D        | Noticed a meat beast
    65 | D        | Noticed an accursed
    65 | D        | Annihilated by a destroyer

Illustrated notes

Levels and vault maps discovered:
D:        meatsprint

Skill      XL: |  1  2  3  4  5  6  7  8  9 10 11 12 13 14 15 16 17 18 19 20 21 22 23 24 25 26 27 |
---------------+----------------------------------------------------------------------------------+-----
Fighting       | 18 21 23 25 27 | 27.0
Axes           | 3 5 6 8 12 22 27 | 27.0
Dodging        | 14 16 18 20 22 27 | 27.0
Stealth        | 7 9 10 11 13 16 27 | 27.0
Unarmed Combat | 17 19 20 22 25 27 | 27.0
Short Blades   | 5 12 21 24 27 | 27.0
Long Blades    | 5 12 21 24 27 | 27.0
Staves         | 4 27 | 27.0
Ranged Weapons | 4 12 16 18 25 | 25.9
Throwing       | 4 11 15 17 24 | 24.1
Armour         | 21 27 | 27.0
Shields        | 5 22 27 | 27.0
Spellcasting   | 4 11 15 17 24 | 24.0
Conjurations   | 5 13 18 20 27 | 27.0
Hexes          | 4 11 14 16 22 | 22.7
Summonings     | 4 11 14 16 22 | 22.6
Necromancy     | 4 10 13 15 21 | 21.0
Translocations | 4 11 14 16 22 | 22.7
Transmutations | 4 10 13 15 21 | 21.0
Fire Magic     | 5 12 15 17 24 | 24.4
Ice Magic      | 5 12 15 17 24 | 24.4
Air Magic      | 4 10 13 15 21 | 21.0
Earth Magic    | 6 14 18 20 27 | 27.0
Poison Magic   | 5 12 15 17 24 | 24.4
Invocations    | 5 13 16 19 26 | 26.3
Evocations     | 4 11 14 16 22 | 22.6
Maces & Flails | 3 13 22 26 27 | 27.0
Polearms       | 3 11 20 24 27 | 27.0

Action                   |  1- 3 |  4- 6 |  7- 9 | 10-12 | 13-15 | 16-18 | 19-21 | 22-24 | 25-27 || total
-------------------------+-------+-------+-------+-------+-------+-------+-------+-------+-------++-------
Melee: Executioner's axe |     1 |       |       |     2 |     5 |     6 |     6 |     9 |    14 ||    43
Armor: Robe              |       |       |       |       |       |       |       |     2 |     2 ||     4
Dodge: Dodged            |       |       |       |       |       |     2 |     2 |       |     2 ||     6

Table legend: (Time is in decaauts)
 A = Elapsed time spent in this place.
 B = Non-inter-level travel time spent in this place.
 C = Inter-level travel time spent in this place.
 D = Time resting spent in this place.
 E = Time spent auto-exploring this place.
 F = Levels seen in this place.
 G = Mean time per level.
                   A        B        C        D        E       F      G
               +--------+--------+--------+--------+--------+-----+--------+
         Total |     60 |     60 |      0 |      0 |      0 |   1 |   60.0 |
       Dungeon |     60 |     60 |      0 |      0 |      0 |   1 |   60.0 |
               +--------+--------+--------+--------+--------+-----+--------+

Top non-repeatable levels by time:
       D: 60 daAuts
